 Dungeon Crawl Stone Soup version 0.30-a0-757-ga6a79fd877 (webtiles) character file.

Game seed: 9387949635409057638

48 freelancePsychic the Chopper (level 3, 0/49 HPs)
             Began as a Hill Orc Berserker on Feb 9, 2023.
             Was a Believer of Trog.
             Succumbed to an adder's poison
             ... on level 2 of the Dungeon.
             The game lasted 00:02:20 (1073 turns).

freelancePsychic the Chopper (Hill Orc Berserker)   Turns: 1073, Time: 00:02:21

Health: 0/49       AC:  2    Str: 19    XL:     3   Next: 72%
Magic:  3/3        EV: 12    Int:  7    God:    Trog [**....]
Gold:   107        SH:  0    Dex: 12    Spells: 2/2 levels left

rFire   . . .      SeeInvis .    a - +0 hand axe
rCold   . . .      Faith    .    (no shield)
rNeg    . . .      Spirit   .    b - +0 animal skin
rPois   .          Reflect  .    (no helmet)
rElec   .          Harm     .    (no cloak)
rCorr   .          Rampage  .    (no gloves)
Will    .....                    (no boots) Stlth
                                 (no amulet)
HPRegen 0.28/turn                (no ring)
MPRegen 0.08/turn                (no ring)

@: berserking (expiring), lethally poisoned (0 -> -5), very quick
A: no striking features
a: Renounce Religion, Berserk, Trog's Hand


You were on level 2 of the Dungeon.
You worshipped Trog.
Trog was pleased with you.
You visited 1 branch of the dungeon, and saw 2 of its levels.

You collected 107 gold pieces.

Inventory:

Hand Weapons
 a - a +0 hand axe (weapon)
Armour
 b - a +0 animal skin (worn)
Scrolls
 e - a scroll of torment {unknown}
 g - a scroll of brand weapon {unknown}
 h - a scroll of enchant armour {unknown}
Potions
 c - 2 potions of attraction {unknown}
 d - a potion of magic {unknown}
 f - a potion of degeneration {unknown}


   Skills:
 + Level 4.2 Fighting
 + Level 4.5 Axes
 - Level 2.1 Armour
 - Level 1.5 Dodging
 * Level 2.0 Stealth


You had 2 spell levels left.
You didn't know any spells.
Your spell library was empty.

Dungeon Overview and Level Annotations

Branches:
Dungeon (2/15)

Altars:

Shops:
D:1 [*[(=


Message History

The adder closely misses you. The adder barely misses you.
You closely miss the adder.
The adder is lightly wounded.
You feel sick. The adder bites you.
* * * LOW HITPOINT WARNING * * *
You hit the adder.
The adder is severely wounded.
You feel sick. The adder bites you.
* * * LOW HITPOINT WARNING * * *
You closely miss the adder.
The adder is severely wounded.
You feel sick. The adder bites you.
* * * LOW HITPOINT WARNING * * *
You miss the adder.
The adder is severely wounded.
You feel sick. The adder barely misses you.
You closely miss the adder.
The adder is severely wounded.
The adder barely misses you.
You hit the adder but do no damage.
The adder is severely wounded.
You feel sick.
You closely miss the adder.
The adder is severely wounded.
You feel sick. The adder bites you.
* * * LOW HITPOINT WARNING * * *
You closely miss the adder.
The adder is severely wounded.
* * * LOW HITPOINT WARNING * * *
You feel sick. The adder closely misses you.
You barely miss the adder.
The adder is severely wounded.
The adder bites you.
* * * LOW HITPOINT WARNING * * *
You are more poisoned.
The adder poisons you!
You slash the adder!
You kill the adder!
Trog accepts your kill.
You die...

### #.## #..# ##.# . . #.##
. ... #..## ..
.....##########..####### .
......$...†@............ .#
......##########.########.#
..... ### #...##.....##
.... ....###.#...<.... ...
...........###### #.
................. #
....####..####### ... #..#
.. ####


There were no monsters in sight!

Vanquished Creatures
  A gnoll (D:1)
  An adder (D:2)
  2 ball pythons (D:1)
  An endoplasm (D:1)
  3 giant cockroaches (D:1)
  6 goblins (D:1)
  4 jackals (D:2)
  2 quokkas (D:1)
  A bat (D:1)
  A frilled lizard (D:1)
  6 kobolds (D:1)
  7 rats
35 creatures vanquished.

Notes
Turn   | Place    | Note
-------+----------+-------------------------------------------
     0 | D:1      | freelancePsychic the Hill Orc Berserker began the quest for
                  | the Orb.
     0 | D:1      | Reached XP level 1. HP: 19/19 MP: 1/1
     2 | D:1      | Noticed a ghoul
     4 | D:1      | Noticed a naga
     4 | D:1      | Noticed an octopode
     7 | D:1      | Noticed a meteoran
     7 | D:1      | Noticed a human
     9 | D:1      | Noticed a vine stalker
     9 | D:1      | Noticed an armataur
    11 | D:1      | Noticed a merfolk
    13 | D:1      | Noticed a tengu
    13 | D:1      | Noticed a minotaur
    15 | D:1      | Noticed a felid
    17 | D:1      | Noticed a formicid
    17 | D:1      | Noticed an elf
    19 | D:1      | Noticed a gargoyle
    19 | D:1      | Noticed a demigod
    21 | D:1      | Noticed a spriggan
    21 | D:1      | Noticed a draconian
    23 | D:1      | Noticed a vampire
    23 | D:1      | Noticed an ogre
    25 | D:1      | Noticed a troll
    27 | D:1      | Noticed a minotaur
    27 | D:1      | Noticed a merfolk
   173 | D:1      | Reached XP level 2. HP: 7/27 MP: 2/2
   275 | D:1      | Reached skill level 1 in Stealth
   287 | D:1      | Found Axak's Jewellery Shoppe.
   299 | D:1      | Found Hodistet's Antique Weapon Boutique.
   348 | D:1      | Found Tipaicou's Armour Shoppe.
   462 | D:1      | Reached XP level 3. HP: 33/33 MP: 3/3
   544 | D:1      | Found Besmysiw's General Store.
   589 | D:1      | Found Uwnudwob's Armour Shop.
  1052 | D:2      | Reached ** piety under Trog
  1072 | D:2      | HP: 1/49 [adder (2)]
  1073 | D:2      | Succumbed to an adder's poison

Illustrated notes

Levels and vault maps discovered:
D:1:      kb_arrival_jail, layout_loops_ring, serial_shops,
          nicolae_shop_advertising_works [nicolae_subvault_shop_adworks], shop,
          shop, shop, shop
D:2:      minmay_chambers_of_twos, layout_rooms, serial_corexii_hall,
          chequers_hall_statues_corner_a, corexii_hall_statues_deadend,
          wad_orctagon

Skill      XL: |  1  2  3 |
---------------+----------+-----
Stealth        | 1 2 |  2.0
Fighting       | 4 |  4.2
Axes           | |  4.5
Armour         | |  2.1
Dodging        | |  1.5

Action                     || total
---------------------------++-------
  Melee: Hand axe          ||   123
         Punch             ||     1
 Invoke: Berserk           ||     3
 Armour: Animal skin       ||    11
  Dodge: Dodged            ||    71

Table legend: (Time is in decaauts)
 A = Elapsed time spent in this place.
 B = Non-inter-level travel time spent in this place.
 C = Inter-level travel time spent in this place.
 D = Time resting spent in this place.
 E = Time spent auto-exploring this place.
 F = Levels seen in this place.
 G = Mean time per level.
                   A        B        C        D        E       F      G
               +--------+--------+--------+--------+--------+-----+--------+
         Total |   1101 |   1047 |     54 |    120 |    683 |   2 |  550.5 |
       Dungeon |   1101 |   1047 |     54 |    120 |    683 |   2 |  550.5 |
               +--------+--------+--------+--------+--------+-----+--------+

Top non-repeatable levels by time:
     D:1: 1021 daAuts
     D:2: 80 daAuts
